 Dungeon Crawl Stone Soup version 0.27-a0-1099-g7f87ac4 (webtiles) character file.

Game seed: 13185042636973655032

9487 Illumine the Cleaver (level 11, -3/100 HPs)
             Began as a Deep Dwarf Fighter on Apr 27, 2021.
             Was a Follower of Makhleb.
             Slain by a gnoll sergeant
             ... wielding a +2 spear of venom
              (8 damage)
             ... on level 9 of the Dungeon on Apr 28, 2021.
             The game lasted 00:15:12 (9112 turns).

Illumine the Cleaver (Deep Dwarf Fighter)           Turns: 9112, Time: 00:15:13

Health: -3/100     AC: 14    Str: 23    XL:     11   Next: 23%
Magic:  0/0        EV:  8    Int:  9    God:    Makhleb [*.....]
Gold:   571        SH: 12    Dex: 12    Spells: 10/10 levels left

rFire    . . .     SeeInvis .   a - +0 war axe
rCold    . . .     Faith    +   c - +0 kite shield
rNeg     . . .     Spirit   .   A - +0 chain mail
rPois    .         Reflect  .   (no helmet)
rElec    .         Harm     .   d - +0 cloak
rCorr    .         Rampage  .   (no gloves)
Will     +....                  r - +0 pair of boots
Stlth    ..........             w - amulet of faith
HPRegen  0.00/turn              (no ring)
MPRegen  0.07/turn              (no ring)

@: lethally poisoned (-3 -> -3)
A: damage resistance, heal wounds, sense surroundings 2, no regeneration
a: Heal Wounds, Renounce Religion


You were on level 9 of the Dungeon.
You worshipped Makhleb.
Makhleb was aware of your devotion.
You visited 3 branches of the dungeon, and saw 12 of its levels.

You collected 571 gold pieces.

Inventory:

Hand Weapons
 a - a +0 war axe (weapon)
 b - a +0 fustibalus
Missiles
 g - 2 throwing nets
 h - 353 stones
 n - 31 sling bullets
Armour
 c - a +0 kite shield (worn)
 d - a +0 cloak (worn)
 r - a +0 pair of boots (worn)
 A - a +0 chain mail (worn)
Jewellery
 w - an amulet of faith (around neck)
Wands
 p - a wand of paralysis (18)
 y - a wand of flame (23)
 C - a wand of digging (8)
 E - a wand of iceblast (1)
Scrolls
 m - 4 scrolls of teleportation {unknown}
 t - 3 scrolls of enchant weapon {unknown}
 v - 4 scrolls of amnesia {unknown}
 x - a scroll of immolation {unknown}
 D - a scroll of fog {unknown}
 F - a scroll of brand weapon {unknown}
 G - a scroll of vulnerability {unknown}
Potions
 e - 2 potions of lignification
 i - a potion of degeneration {unknown}
 j - 5 potions of flight
 l - 4 potions of curing
 o - 3 potions of brilliance
 q - a potion of invisibility {unknown}
 s - a potion of attraction
 z - a potion of mutation
 B - a potion of haste {unknown}
Miscellaneous
 f - a phial of floods


   Skills:
 + Level 7.5 Fighting
 + Level 11.6 Axes
 + Level 8.9 Armour
 - Level 2.0 Dodging
 + Level 9.2 Shields
 + Level 4.0 Invocations
 + Level 3.6 Evocations


You had 10 spell levels left.
You didn't know any spells.
Your spell library contained the following spells:

 Spells                   Type           Power      Damage    Failure   Level
 Beastly Appendage        Tmut           0%         N/A       99%         1
 Magic Dart               Conj           0%         1d3       99%         1
 Blink                    Tloc           N/A        N/A       100%        2
 Call Imp                 Summ           0%         N/A       100%        2
 Poisonous Vapours        Pois/Air       0%         N/A       100%        2
 Searing Ray              Conj           0%         3d3       100%        2
 Slow                     Hex            0%         N/A       100%        2
 Wereblood                Tmut           0%         N/A       100%        2
 Conjure Flame            Conj/Fire      0%         6-21      100%        3
 Dazzling Flash           Conj/Hex       0%         N/A       100%        3
 Mephitic Cloud           Conj/Pois/Air  0%         N/A       100%        3
 Spider Form              Tmut/Pois      0%         N/A       100%        3
 Fulminant Prism          Conj/Hex       0%         3d6       100%        4
 Ice Form                 Ice/Tmut       0%         N/A       100%        4
 Iskenderun's Mystic Bla  Conj/Tloc      0%         2d3       100%        4
 Hydra Form               Tmut           0%         N/A       100%        5
 Freezing Cloud           Conj/Ice/Air   0%         6-21      100%        6


Dungeon Overview and Level Annotations

Branches:
Dungeon (10/15)            Temple (1/1) D:6            Lair (1/6) D:8
    Orc: D:9-12

Altars:
Ashenzari
Cheibriados
Dithmenos
Elyvilon
Fedhas
Gozag
Hepliaklqana
Kikubaaqudgha
Makhleb
Nemelex Xobeh
Qazlal
Ru
Sif Muna
Trog
Uskayaw
Vehumet
Wu Jian
Xom
Yredelemnul
Zin
The Shining One

Portals:
Abyss: D:9

Annotations:
D:3 1 runed translucent door, arb's ghost, amateur DsCK
D:9 2 transporters, 2 runed translucent doors, exclusion: moth of wrath, IceLeopardTea's ghost, novice HuAE
D:10 Snorg


Innate Abilities, Weirdness & Mutations

You are resistant to damage.
You can heal yourself by infusing magical energy.
You passively map the area around you.
You do not regenerate.


Message History

You hit the gnoll sergeant.
The gnoll sergeant is severely wounded.
You slash the troll! The troll barely misses you. The troll claws you.
* * * LOW HITPOINT WARNING * * *
The troll claws you. The gnoll sergeant barely misses you.
You hit the gnoll sergeant but do no damage.
The gnoll sergeant is severely wounded.
You hit the troll. You block the troll's attack. The troll barely misses you.
You block the troll's attack.
The gnoll sergeant hits you but does no damage.
You are more poisoned.
You hit the gnoll sergeant but do no damage.
The gnoll sergeant is severely wounded.
You closely miss the troll. You block the troll's attack.
The troll claws you but does no damage. x2
The gnoll sergeant hits you with a +2 spear of venom.
* * * LOW HITPOINT WARNING * * *
You are more poisoned.
You closely miss the troll.
The troll is severely wounded.
You barely miss the gnoll sergeant. The troll bites you!
* * * LOW HITPOINT WARNING * * *
The troll claws you!
* * * LOW HITPOINT WARNING * * *
The troll claws you but does no damage.
The gnoll sergeant hits you with a +2 spear of venom.
You are more poisoned.
You hit the gnoll sergeant.
The gnoll sergeant is severely wounded.
You hit the troll.
* * * LOW HITPOINT WARNING * * *
You feel very sick. The troll bites you but does no damage.
You block the troll's attack. The troll barely misses you.
You block the gnoll sergeant's attack.
You slash the gnoll sergeant!
The gnoll sergeant is almost dead.
You closely miss the troll. You block the troll's attack. x2
The troll claws you but does no damage.
The gnoll sergeant hits you with a +2 spear of venom!
You die...

#####.# #.#### * , # #.# #.# ,
* # #.# #.# * * , ,* #
#.###.###** , * ##
#.##..##..## * .####.....#
#..### , * ......##..#
#Tc..### * , #########.#
#.g##g..# , , ,
#.##..##@T#...# *,
#.##(##..##,##.# , ,,
#.####..## ####. , ,,,
##.###..#####..##* *
######..##..####...#.## *, *,
#.......#.####...#.##.# ** ,
#.#####.#.##...#.#.##.# ####*
,
###.#####.##...#.#.#.##.##...*
.......##.####...#.#.##.##+##
***


You could see a troll and a gnoll sergeant.

Vanquished Creatures
  2 two-headed ogres (D:10)
  Maurice (D:9)
  A komodo dragon (D:8)
  A kobold demonologist (D:9)
  Grinder (D:6)
  Prince Ribbit (D:6)
  Sigmund (D:4)
  A wraith (D:9)
  12 yaks
  5 humans (D:7)
  A steam dragon (D:9)
  4 water moccasins
  2 orc warriors
  A black bear (D:5)
  2 ice beasts (D:6)
  3 necrophages
  3 ogres
  2 wolves (D:8)
  4 centaurs
  2 phantoms
  9 bullfrogs
  3 gnoll sergeants
  2 scorpions
  A water moccasin zombie (D:5)
  3 killer bees (D:8)
  A bullfrog zombie (D:5)
  3 centaur zombies
  2 hounds
  4 orc priests
  3 centaur skeletons
  A gnoll shaman (D:4)
  4 iguanas
  Natasha (twice) (D:3)
  6 orc wizards
  A hound skeleton (D:4)
  A mummy (D:5)
  3 howler monkey zombies (D:9)
  13 gnolls
  8 adders
  A river rat (D:3)
  A shadow imp (D:8)
  3 white imps
  2 worms (D:9)
  2 dart slugs
  22 orcs
  3 bats
  2 endoplasms (D:4)
  4 giant cockroaches
  8 goblins
  4 hobgoblins
  7 jackals
  5 quokkas
  10 ball pythons
  4 frilled lizards
  9 kobolds
  6 rats
213 creatures vanquished.

Vanquished Creatures (others)
  41 fungi (D:8)
  37 plants
78 creatures vanquished.

Grand Total: 291 creatures vanquished

Notes
Turn   | Place    | Note
-------+----------+-------------------------------------------
     0 | D:1      | Illumine the Deep Dwarf Fighter began the quest for the
                  | Orb.
     0 | D:1      | Reached XP level 1. HP: 20/20 MP: 1/1
   117 | D:1      | Reached XP level 2. HP: 22/27 MP: 2/2
   226 | D:1      | Reached skill level 3 in Axes
   805 | D:1      | Reached XP level 3. HP: 17/33 MP: 3/3
  1048 | D:2      | Found a white marble altar of Elyvilon.
  1535 | D:3      | Reached skill level 4 in Axes
  1535 | D:3      | Reached XP level 4. HP: 36/40 MP: 4/4
  1630 | D:3      | Reached XP level 5. HP: 40/49 MP: 4/4
  1906 | D:3      | Noticed Natasha
  1918 | D:3      | Killed Natasha
  2044 | D:3      | Reached skill level 5 in Axes
  2057 | D:3      | Found a runed translucent door.
  2059 | D:3      | Noticed arb's ghost (amateur DsCK)
  2063 | D:3      | Noticed Natasha
  2076 | D:3      | Killed Natasha
  2275 | D:4      | Noticed a necrophage
  2279 | D:4      | Killed a necrophage
  2280 | D:4      | Reached XP level 6. HP: 26/56 MP: 5/5
  2562 | D:4      | Reached skill level 5 in Shields
  2640 | D:4      | Noticed Sigmund
  2668 | D:4      | Killed Sigmund
  2669 | D:4      | Reached skill level 6 in Axes
  2669 | D:4      | Reached XP level 7. HP: 50/63 MP: 5/5
  2683 | D:4      | Reached skill level 5 in Armour
  2884 | D:4      | Found a basalt altar of Yredelemnul.
  2887 | D:4      | Noticed a profane servitor
  2900 | D:4      | Found a glowing golden altar of the Shining One.
  2902 | D:4      | Noticed an angel
  3096 | D:5      | Entered Level 5 of the Dungeon
  3311 | D:5      | Reached skill level 7 in Axes
  3346 | D:5      | Reached XP level 8. HP: 41/73 MP: 4/4
  3752 | D:5      | Found a sand-covered staircase.
  3873 | D:6      | Reached skill level 8 in Axes
  3918 | D:6      | Reached skill level 5 in Fighting
  3935 | D:6      | Found a staircase to the Ecumenical Temple.
  3952 | Temple   | Entered the Ecumenical Temple
  4304 | D:6      | Gained mutation: You passively map the area around you.
                  | [Deep Dwarf growth]
  4304 | D:6      | Reached XP level 9. HP: 41/81 MP: 4/4
  4333 | D:6      | Noticed Prince Ribbit
  4357 | D:6      | Killed Prince Ribbit
  4433 | D:6      | Reached skill level 9 in Axes
  4569 | D:6      | Noticed Grinder
  4584 | D:6      | Killed Grinder
  5894 | D:7      | Reached skill level 10 in Axes
  6596 | D:8      | Found a staircase to the Lair.
  6616 | D:8      | Reached XP level 10. HP: 61/92 MP: 1/1
  7072 | D:8      | Found a blossoming altar of Fedhas.
  7074 | D:8      | Found a stormy altar of Qazlal.
  7143 | D:8      | Reached skill level 11 in Axes
  7143 | D:8      | Reached skill level 1 in Dodging
  7185 | D:8      | Found a burning altar of Makhleb.
  7185 | D:8      | Found an ancient bone altar of Kikubaaqudgha.
  7328 | D:9      | Found a transporter.
  7338 | D:9      | Noticed a toenail golem
  7348 | D:9      | Noticed a toenail golem
  7352 | D:9      | Found a transporter.
  7361 | D:9      | Noticed a thrashing horror
  7400 | D:9      | Noticed IceLeopardTea's ghost (novice HuAE)
  7401 | D:9      | Found a one-way gate to the infinite horrors of the Abyss.
  7528 | D:8      | Became a worshipper of Makhleb the Destroyer
  7810 | D:8      | Noticed a white ugly thing
  7909 | D:8      | Noticed a two-headed ogre
  7994 | Lair:1   | Entered Level 1 of the Lair of Beasts
  8013 | Lair:1   | Noticed a seven-headed hydra
  8092 | D:9      | Noticed Maurice
  8165 | D:8      | Reached skill level 1 in Invocations
  8165 | D:8      | Reached skill level 1 in Evocations
  8178 | D:8      | HP: 6/138 [yak (7)]
  8319 | D:9      | Killed Maurice
  8351 | D:9      | Noticed a moth of wrath
  8355 | D:9      | Found a bloodstained altar of Trog.
  8367 | D:9      | Reached * piety under Makhleb
  8484 | D:10     | Entered Level 10 of the Dungeon
  8614 | D:10     | Noticed a two-headed ogre
  8625 | D:10     | Killed a two-headed ogre
  8626 | D:10     | Reached XP level 11. HP: 29/100 MP: 1/3
  8705 | D:10     | Noticed a two-headed ogre
  8717 | D:10     | HP: 4/100 [two-headed ogre/+0 giant spiked club (15)]
  8726 | D:10     | Killed a two-headed ogre
  8748 | D:10     | Noticed Snorg
  9000 | D:9      | Found a runed translucent door.
  9001 | D:9      | Noticed a wizard
  9003 | D:9      | Found a runed translucent door.
  9038 | D:9      | HP: 4/100 [wraith (4)]
  9111 | D:9      | HP: 5/100 [poisoned by a gnoll sergeant]
  9112 | D:9      | Slain by a gnoll sergeant

Illustrated notes

Levels and vault maps discovered:
D:1:      tarquinn_simple_flora_water_e, layout_basic, patterned_corridor
D:2:      layout_loops_ring, basic_altar, serial_bayou_lagoon_a
D:3:      layout_loops_ring, gup_sewer_entry_bubbles,
          ebering_ghost_reflecting_pool, uniq_natasha
D:4:      layout_loops_ring, grunt_temple_overflow_holy_war, uniq_sigmund
D:5:      layout_loops_ring, gup_ossuary_entry_pyramid,
          kennysheep_generic_room_8
D:6:      layout_loops_ring, minmay_temple_entry_proselytizer,
          chequers_serial_rivers_micro_d, uniq_grinder, uniq_prince_ribbit1
D:7:      layout_layer_cave, chequers_serial_rivers_micro_a, minmay_ruffians
D:8:      layout_loops_corners, nicolae_overflow_hidden_temple,
          due_lair_maze_entry_diamond, onia_ninara_dug_in_and_dangerous
D:9:      minmay_the_grid_triangle_9x9_rhombus_full
          [minmay_the_grid_triangle_9x9_tough_junction,
          minmay_the_grid_triangle_9x9_swiss_cheese,
          minmay_the_grid_triangle_9x9_checkered,
          minmay_the_grid_triangle_9x9_steps,
          minmay_the_grid_triangle_9x9_semitri,
          minmay_the_grid_triangle_9x9_skeleton,
          minmay_the_grid_triangle_9x9_longest,
          minmay_the_grid_triangle_9x9_prize_top_heavy], layout_loops_corners,
          kennysheep_okawaru_gauntlet, tgw_trog, gammafunk_ghost_abyssal_escape,
          uniq_maurice
D:10:     layout_stronghold, zombieorc2_lemuel, minmay_rotating_lava, uniq_snorg
Temple:   nicolae_temple_great_sept
Lair:1:   layout_cave_pods, basic_altar

Skill      XL: |  1  2  3  4  5  6  7  8  9 10 11 |
---------------+----------------------------------+-----
Axes           | 3 4 5 6 7 8 10 11 | 11.6
Shields        | 4 5 6 7 9 |  9.2
Fighting       | 3 4 5 6 7 |  7.5
Armour         | 4 5 6 7 8 |  8.9
Dodging        | 2 |  2.0
Invocations    | 3 4 |  4.0
Evocations     | 2 3 |  3.6

Action                   |  1- 3 |  4- 6 |  7- 9 | 10-12 || total
-------------------------+-------+-------+-------+-------++-------
Melee: War axe           |    92 |   168 |   363 |   388 ||  1011
 Fire: Fustibalus        |     9 |     1 |       |     2 ||    12
 Abil: Heal Wounds       |     1 |     6 |    20 |    19 ||    46
Evoke: Wand              |       |       |       |    26 ||    26
  Use: Potion            |       |     2 |     1 |     6 ||     9
       Scroll            |       |     3 |     5 |     2 ||    10
Armor: Scale mail        |    46 |    69 |    90 |       ||   205
       Skin              |       |    27 |    19 |       ||    46
       Chain mail        |       |       |    74 |   170 ||   244
Dodge: Dodged            |    21 |    35 |   118 |   116 ||   290
Block: Kite shield       |    60 |   108 |   281 |   291 ||   740

Table legend: (Time is in decaauts)
 A = Elapsed time spent in this place.
 B = Non-inter-level travel time spent in this place.
 C = Inter-level travel time spent in this place.
 D = Time resting spent in this place.
 E = Time spent auto-exploring this place.
 F = Levels seen in this place.
 G = Mean time per level.
                   A        B        C        D        E       F      G
               +--------+--------+--------+--------+--------+-----+--------+
         Total |   9447 |   8976 |    471 |    463 |   6140 |  12 |  787.2 |
       Dungeon |   9328 |   8867 |    461 |    463 |   6060 |  10 |  932.8 |
        Temple |     85 |     75 |     10 |      0 |     74 |   1 |   85.0 |
          Lair |     33 |     33 |      0 |      0 |      6 |   1 |   33.0 |
               +--------+--------+--------+--------+--------+-----+--------+

Top non-repeatable levels by time:
     D:1: 1298 daAuts
     D:8: 1286 daAuts
     D:7: 1253 daAuts
     D:6: 1064 daAuts
     D:9: 914 daAuts
     D:3: 893 daAuts
     D:4: 869 daAuts
     D:5: 849 daAuts
     D:2: 609 daAuts
    D:10: 290 daAuts
  Temple: 85 daAuts
  Lair:1: 33 daAuts
